 Dungeon Crawl Stone Soup version 0.31-a0-102-g33a4ccc0cb (webtiles) character file.

Game seed: 14507565332751940261

151 Jackthecabe the Chopper (level 5, 0/46 HPs)
             Began as a Hill Orc Reaver on May 26, 2023.
             Slain by a cerulean imp
             ... wielding a +4 spear
             ... summoned by Natasha
              (2 damage)
             ... on level 2 of the Dungeon.
             The game lasted 00:04:59 (2681 turns).

Jackthecabe the Chopper (Hill Orc Reaver)           Turns: 2681, Time: 00:04:59

Health: 0/46       AC:  4    Str: 16 (17) XL:     5   Next: 33%
Magic:  7/7        EV: 11    Int: 10 (13) God:
Gold:   74         SH:  0    Dex:  7 (9)  Spells: 6/7 levels left

rFire   . . .        a - +0 hand axe
rCold   . . .        (no shield)
rNeg    . . .        b - +0 leather armour
rPois   .            i - +0 helmet
rElec   .            (no cloak)
rCorr   .            (no gloves)
SInv    .            (no boots)
Will    .....        (no amulet) Stlth
                     (no ring)
HPRegen 0.27/turn    (no ring)
MPRegen 0.10/turn

%: no passive effects
@: confused, ambrosia-drunk
A: no striking features
a: no special abilities


You were on level 2 of the Dungeon.
You visited 1 branch of the dungeon, and saw 3 of its levels.

You collected 74 gold pieces.


   Skills:
 - Level 4.0 Fighting
 + Level 6.9 Axes
 - Level 1.5 Dodging
 - Level 1.5 Spellcasting
 - Level 3.0 Conjurations


You had 6 spell levels left.
You knew the following spells:

 Your Spells              Type           Power      Damage    Failure   Level
X - Kiss of Death         Conj/Necr      12%        2d6       24%         1

Your spell library contained the following spells:

 Spells                   Type           Power      Damage    Failure   Level
 Momentum Strike          Conj/Tloc      6%         3d8       34%         2
 Hailstorm                Conj/Ice       3%         3d3       56%         3

Inventory:

Hand Weapons
 a - a +0 hand axe (weapon)
Armour
 b - a +0 leather armour (worn)
 i - a +0 helmet (worn)
Jewellery
 F - a ring of fire
Wands
 q - a wand of polymorph (6)
Scrolls
 c - a scroll of blinking {unknown}
 e - 2 scrolls of identify {unknown}
 g - a scroll of torment {unknown}
 j - a scroll of fear {unknown}
 k - a scroll of teleportation {@r2}
 l - 2 scrolls of vulnerability {unknown}
 p - a scroll of noise {unknown}
Potions
 h - a potion of attraction {unknown}
 m - a potion of magic {unknown}

Dungeon Overview and Level Annotations

Branches:
Dungeon (3/15)

Altars:
Xom

Annotations:
D:1 1 transporter
D:2 Natasha

##†#####.#...#..###.# #.# †...#
#.....#..# #.# #.###### # ##..#
#.#......###.# #.#....# #
....####.#..#.......####.#.<#.###
......##........................+
......'h.##..##.###...(..)..#####
......##......h5###.......)).....
......##.#####....##........#####
......##.# #..@.##.......##
......##.# #....##.......######
###'####.# #)...##.......#..... #
#.####.# #....##.......#.#### #
#.h†..## #....###......#.# #
#####.# #....# #......#.#### #
#.# ##'### ######.#..... ##'##
#.## ###'#.#### #...# #..#
#.....####


You could see Natasha and a cerulean imp (summoned).


Message History

It was a potion of cancellation.
You feel magically purged. Natasha casts a spell at you.
You resist with some effort.
The cerulean imp hits you with a +4 spear!
* * * LOW HITPOINT WARNING * * *
It was a potion of ambrosia.
You are confused.
You feel invigorated. Natasha claws you.
* * * LOW HITPOINT WARNING * * *
The cerulean imp barely misses you.
Unknown command.
You miss Natasha.
Natasha is heavily wounded.
You miss the cerulean imp. Natasha casts a spell at you.
The magic dart hits you.
* * * LOW HITPOINT WARNING * * *
The cerulean imp hits you with a +4 spear.
* * * LOW HITPOINT WARNING * * *
You hit Natasha.
Natasha is severely wounded.
You closely miss the cerulean imp. Natasha barely misses you.
The cerulean imp hits you with a +4 spear!
* * * LOW HITPOINT WARNING * * *
Unknown command.
Natasha casts a spell at you. The magic dart hits you.
* * * LOW HITPOINT WARNING * * *
The cerulean imp hits you from afar with a +4 spear.
You die...

Skill      XL: |  1  2  3  4 |
---------------+-------------+-----
Fighting       | 3 4 |  4.0
Axes           | 5 6 |  6.9
Dodging        | |  1.5
Spellcasting   | |  1.5
Conjurations   | |  3.0

Action                     |  1- 3 |  4- 6 || total
---------------------------+-------+-------++-------
  Melee: Hand axe          |   123 |    60 ||   183
         Unarmed           |     6 |     6 ||    12
         Punch             |       |     2 ||     2
    Use: Potion            |       |     5 ||     5
         Scroll            |       |     1 ||     1
 Armour: Leather armour    |    51 |    14 ||    65
         Skin              |       |     4 ||     4
  Dodge: Dodged            |    82 |    42 ||   124

Levels and vault maps discovered:
D:1:      spicycebolla_arrival_risky_transporter, layout_basic,
          shapermc_ecumenical_altar_mp_urbaneastern
D:2:      layout_basic, basic_altar, minmay_tetromino_i4, uniq_natasha,
          uniq_jessica, uniq_robin
D:3:      layout_rooms, bloody_trog, mainiacjoe_overflow_catwalk,
          old_standard_altar

Notes
Turn   | Place    | Note
-------+----------+-------------------------------------------
     0 | D:1      | Jackthecabe the Hill Orc Reaver began the quest for the
                  | Orb.
     0 | D:1      | Reached XP level 1. HP: 18/18 MP: 3/3
   265 | D:1      | Reached XP level 2. HP: 25/25 MP: 4/4
   317 | D:1      | Reached skill level 3 in Fighting
   727 | D:1      | Found a faded altar of an unknown god.
   998 | D:2      | Noticed Natasha
  1150 | D:2      | Reached XP level 3. HP: 26/31 MP: 5/5
  1190 | D:2      | Noticed Robin
  1367 | D:2      | Reached skill level 5 in Axes
  1604 | D:2      | Killed Robin
  1717 | D:2      | Noticed Jessica
  1738 | D:3      | Found a shimmering altar of Xom.
  1844 | D:2      | Reached XP level 4. HP: 30/40 MP: 6/6
  1860 | D:2      | Reached skill level 4 in Fighting
  1991 | D:2      | Found a shimmering altar of Xom.
  2229 | D:2      | Killed Jessica
  2230 | D:2      | Reached skill level 6 in Axes
  2302 | D:2      | Killed Natasha
  2303 | D:2      | Reached XP level 5. HP: 27/46 MP: 7/7
  2411 | D:2      | Noticed Natasha
  2425 | D:2      | Killed Natasha
  2438 | D:2      | Noticed Natasha
  2674 | D:2      | HP: 3/46 [Natasha/bolt of dispelling energy (12)]
  2679 | D:2      | HP: 4/46 [cerulean imp/+4 spear[Natasha] (6)]
  2681 | D:2      | Slain by a cerulean imp

Vanquished Creatures
  Jessica (D:2)
  Natasha (twice) (D:2)
  Robin (D:2)
  An adder (D:2)
  2 worms (D:2)
  2 endoplasms
  9 goblins
  6 hobgoblins
  2 jackals (D:1)
  2 kobolds (D:1)
  2 quokkas (D:2)
  2 ball pythons
  8 bats
  4 frilled lizards
  5 rats
49 creatures vanquished.

Table legend: (Time is in decaauts)
 A = Elapsed time spent in this place.
 B = Non-inter-level travel time spent in this place.
 C = Inter-level travel time spent in this place.
 D = Time resting spent in this place.
 E = Time spent auto-exploring this place.
 F = Levels seen in this place.
 G = Mean time per level.
                   A        B        C        D        E       F      G
               +--------+--------+--------+--------+--------+-----+--------+
         Total |   2706 |   2659 |     47 |    953 |   1183 |   3 |  902.0 |
       Dungeon |   2706 |   2659 |     47 |    953 |   1183 |   3 |  902.0 |
               +--------+--------+--------+--------+--------+-----+--------+

Top non-repeatable levels by time:
     D:1: 1318 daAuts
     D:2: 1287 daAuts
     D:3: 100 daAuts

Table legend:
 A = Non-vault XP
 B = Vault XP
 C = Vault XP percentage of total XP
 D = Non-vault monster count
 E = Vault monster count
 F = Vault count percentage of total count
                 A         B        C        D         E       F
            +---------+---------+-------+---------+---------+-------
      Total |      99 |     117 |  54.2 |      31 |      18 |  36.7
            +---------+---------+-------+---------+---------+-------
        D:1 |      29 |       7 |  19.4 |      18 |       4 |  18.2
        D:2 |      68 |     110 |  61.8 |      12 |      14 |  53.8
        D:3 |       2 |       0 |   0.0 |       1 |       0 |   0.0
            +---------+---------+-------+---------+---------+-------
